 Dungeon Crawl Stone Soup version 0.28.0-43-g3370ac3207 (webtiles) character file.

Game seed: 578645261204287224

893 Zeld the Magician (level 7, 0/36 HPs)
             Began as a Deep Elf Fire Elementalist on Mar 28, 2022.
             Was an Initiate of Vehumet.
             Slain by a scorpion (6 damage)
             ... on level 5 of the Dungeon.
             The game lasted 00:06:34 (5554 turns).

Zeld the Magician (Deep Elf Fire Elementalist)      Turns: 5554, Time: 00:06:35

Health: 0/36       AC:  2    Str:  5    XL:     7   Next: 78%
Magic:  19/19      EV: 13    Int: 22    God:    Vehumet [......]
Gold:   129        SH:  0    Dex: 15    Spells: 13/20 levels left

rFire   . . .      SeeInvis .   (no weapon)
rCold   . . .      Faith    .   k - orb {*channel}
rNeg    . . .      Spirit   .   a - +0 robe
rPois   .          Reflect  .   (no helmet)
rElec   .          Harm     .   (no cloak)
rCorr   .          Rampage  .   (no gloves)
Will    .....                   (no boots)
Stlth   +++.......              (no amulet)
HPRegen 0.12/turn               (no ring)
MPRegen 0.16/turn               (no ring)

@: no status effects
A: no striking features
a: Renounce Religion


You were on level 5 of the Dungeon.
You worshipped Vehumet.
Vehumet was noncommittal.
You visited 1 branch of the dungeon, and saw 5 of its levels.

You collected 129 gold pieces.

Inventory:

Armour
 a - a +0 robe (worn)
 k - an orb of energy (worn)
Wands
 m - a wand of iceblast (5)
Scrolls
 c - 3 scrolls of identify {unknown}
 d - a scroll of teleportation {unknown}
 f - a scroll of holy word {unknown}
 l - 2 scrolls of enchant weapon {unknown}
 n - a scroll of vulnerability {unknown}
 o - a scroll of immolation {unknown}
 p - a scroll of noise {unknown}
 r - a scroll of blinking {unknown}
Potions
 b - 2 potions of heal wounds {unknown}
 e - a potion of lignification {unknown}
 g - a potion of curing {unknown}
 h - a potion of resistance {unknown}
 i - a potion of might {unknown}
 j - 2 potions of attraction {unknown}
 q - a potion of flight {unknown}


   Skills:
 - Level 4.0 Dodging
 + Level 5.0 Stealth
 * Level 7.0 Spellcasting
 + Level 3.9 Conjurations
 * Level 6.2 Fire Magic


You had 13 spell levels left.
You knew the following spells:

 Your Spells              Type           Power      Damage    Failure   Level
a - Foxfire               Conj/Fire      100%       2x1d9     1%          1
b - Scorch                Fire           70%        2d8       1%          2
c - Flame Wave            Conj/Fire      30%        2d8       11%         4

Your spell library contained the following spells:

 Spells                   Type           Power      Damage    Failure   Level
 Conjure Flame            Conj/Fire      30%        6-21      3%          3
 Inner Flame              Hex/Fire       21%        N/A       7%          3
 Corpse Rot               Necr/Air       14%        N/A       12%         2
 Ensorcelled Hibernation  Hex/Ice        14%        N/A       12%         2
 Passwall                 Tmut/Erth      5%         N/A       12%         2
 Poisonous Vapours        Pois/Air       14%        N/A       12%         2
 Swiftness                Air            7%         N/A       24%         3


Dungeon Overview and Level Annotations

Branches:
Dungeon (5/15)
 Temple: D:4-7

Altars:
Dithmenos
Fedhas
Ru
Vehumet

Shops:
D:4 [

Annotations:
D:5 Pikel


Message History

Casting: Scorch (safe; 1% risk of failure)
Confirm with . or Enter, or press ? or * to list all spells.
Flames lash the scorpion.
The scorpion is burned terribly!
You kill the scorpion!
Vehumet accepts your kill.
You feel very sick.
Your Stealth skill increases to level 5!
Your Spellcasting skill increases to level 7!
You feel very sick.
A lemure comes into view.
Pikel, Merchant of Souls comes into view.
He is wielding a +2 whip of freezing and carrying a wand of digging (6).
You feel very sick.
A lemure comes into view.
* * * LOW HITPOINT WARNING * * *
You feel sick.
* * * LOW HITPOINT WARNING * * *
You feel sick.
* * * LOW HITPOINT WARNING * * *
You feel sick.
* * * LOW HITPOINT WARNING * * *
You feel sick.
* * * LOW HITPOINT WARNING * * *
You feel sick.
* * * LOW HITPOINT WARNING * * *
You feel sick.
Pikel zaps a wand.
You hear a grinding noise.
* * * LOW HITPOINT WARNING * * *
You feel sick.
* * * LOW HITPOINT WARNING * * *
You feel sick.
You are no longer poisoned.
You hear a zap.
Some rock shatters into small pieces.
You hear a zap.
You hear a grinding noise.
You hear a zap.
You hear a grinding noise.
You hear a zap.
You hear a grinding noise.
You see here a +0 flail.
A scorpion comes into view.
The scorpion stings you.
You die...

#... #.......#..#
###.##.#.### ##.......#
##### #...#.#(.# #....
#........## #....
#...#.....# #....
##.#####..######[<..
#.#####.......).[..
....##
#####s@.....#######....
....#####.....#######
#.... #.........###5###
##### ..$..### #......#
#....# #.##.#.#
#.#..###.# #5#.##
#5#.>....# #....#
#K.......# ###..#
###.##.....#.####5.#


You could see 2 lemures and a scorpion.

Vanquished Creatures
  Grinder (D:4)
  Menkaure (D:4)
  A phantom (D:5)
  3 scorpions (D:5)
  An orc priest (D:5)
  A bullfrog skeleton (D:5)
  A centaur skeleton (D:5)
  Ijyb (D:3)
  An orc wizard (D:5)
  A hound skeleton (D:2)
  8 gnolls
  4 adders
  3 dart slugs
  2 orcs
  7 ball pythons
  7 bats
  3 endoplasms
  3 giant cockroaches
  4 goblins
  5 hobgoblins
  3 jackals (D:3)
  5 kobolds
  6 quokkas
  2 frilled lizards (D:1)
  3 rats
77 creatures vanquished.

Vanquished Creatures (others)
  321 foxfires
321 creatures vanquished.

Grand Total: 398 creatures vanquished

Notes
Turn   | Place    | Note
-------+----------+-------------------------------------------
     0 | D:1      | Zeld the Deep Elf Fire Elementalist began the quest for the
                  | Orb.
     0 | D:1      | Reached XP level 1. HP: 10/10 MP: 6/6
   501 | D:1      | Found a faded altar of an unknown god.
   590 | D:1      | Reached XP level 2. HP: 15/15 MP: 5/8
  1330 | D:2      | Learned a level 2 spell: Scorch
  1467 | D:2      | Reached XP level 3. HP: 19/19 MP: 1/10
  2109 | D:2      | Found a shadowy altar of Dithmenos.
  2603 | D:3      | Found a blossoming altar of Fedhas.
  2637 | D:3      | Reached skill level 4 in Spellcasting
  2638 | D:3      | Reached XP level 4. HP: 24/24 MP: 6/12
  2643 | D:3      | Learned a level 4 spell: Flame Wave
  3061 | D:3      | Noticed Ijyb
  3070 | D:3      | Killed Ijyb
  3485 | D:3      | Reached XP level 5. HP: 28/28 MP: 8/13
  4056 | D:4      | Found a radiant altar of Vehumet.
  4112 | D:4      | Noticed Grinder
  4126 | D:4      | Became a worshipper of Vehumet
  4144 | D:4      | Killed Grinder
  4145 | D:4      | Reached skill level 5 in Spellcasting
  4145 | D:4      | Reached skill level 5 in Fire Magic
  4145 | D:4      | Reached XP level 6. HP: 23/32 MP: 0/16
  4450 | D:4      | Found Isynuy's Antique Armour Shop.
  4530 | D:4      | Noticed Menkaure
  4533 | D:4      | Killed Menkaure
  4819 | D:5      | Entered Level 5 of the Dungeon
  4824 | D:5      | Reached skill level 6 in Spellcasting
  4824 | D:5      | Reached XP level 7. HP: 36/36 MP: 8/18
  5301 | D:5      | Found a sacrificial altar of Ru.
  5506 | D:5      | Reached skill level 5 in Stealth
  5506 | D:5      | Reached skill level 7 in Spellcasting
  5507 | D:5      | Noticed Pikel
  5515 | D:5      | HP: 1/36 [poisoned by a scorpion]
  5554 | D:5      | Slain by a scorpion

Illustrated notes

Levels and vault maps discovered:
D:1:      lightli_arrival_maybe_door_vault, layout_loops_cross,
          ebering_ecumenical_altar_box, minmay_misc_feat_five
D:2:      layout_loops_ring, basic_altar, serial_rivers,
          chequers_serial_rivers_large_a, chequers_serial_rivers_marsh,
          chequers_serial_rivers_micro_a, chequers_serial_rivers_micro_c,
          chequers_serial_rivers_micro_c, minmay_strange_pillars
D:3:      layout_basic, mainiacjoe_overflow_six_doors_small, minmay_ruptured,
          uniq_ijyb
D:4:      layout_basic, fiery_altar_vehumet, serial_shops,
          nicolae_shop_advertising_works [nicolae_subvault_shop_adworks],
          hangedman_abyss_or_decor_slice, uniq_menkaure, uniq_grinder
D:5:      layout_loops_cross, kennysheep_mini, hangedman_ru_absence,
          temple_green, uniq_pikel, uniq_duvessa

Skill      XL: |  1  2  3  4  5  6  7 |
---------------+----------------------+-----
Stealth        | 3 4 5 |  5.0
Spellcasting   | 4 5 6 7 |  7.0
Dodging        | 3 4 |  4.0
Conjurations   | 2 3 |  3.9
Fire Magic     | 4 5 6 |  6.2

Action                   |  1- 3 |  4- 6 |  7- 9 || total
-------------------------+-------+-------+-------++-------
Melee: Unarmed           |     9 |       |     1 ||    10
       Punch             |     1 |       |       ||     1
 Cast: Foxfire           |   120 |    77 |    16 ||   213
       Scorch            |     3 |    22 |    23 ||    48
       Flame Wave        |       |     2 |       ||     2
Armor: Robe              |     2 |       |     2 ||     4
Dodge: Dodged            |    13 |    23 |    11 ||    47
